 Dungeon Crawl Stone Soup version 0.20.1-1-g8b1a95d (webtiles) character file.

107 Firecrotchwizard the Insei (level 4, 0/32 HPs)
             Began as a Merfolk Transmuter on Oct 3, 2017.
             Succumbed to an adder's poison
             ... on level 3 of the Dungeon.
             The game lasted 00:07:39 (2261 turns).

Firecrotchwizard the Insei (Merfolk Transmuter)     Turns: 2261, Time: 00:07:40

Health: 0/32       AC:  4    Str: 10    XL:     4   Next: 85%
Magic:  3/7        EV: 13    Int: 13    God:
Gold:   88         SH:  0    Dex: 14    Spells: 1/7 levels left

rFire    + . .     SeeInvis .     - Unarmed
rCold    . . .     Gourm    .   (no shield)
rNeg     + . .     Faith    .   q - +1 robe {rF+}
rPois    .         Spirit   .   (no helmet)
rElec    .         Reflect  .   s - +0 cloak
rCorr    .         Harm     .   (no gloves)
MR       .....                  (no boots)
Stlth    +.........             (no amulet)
Regen    0.1/turn               m - ring of positive energy {rN+}
MPRegen  0.1/turn               (no ring)

@: lethally poisoned (0 -> -10), appendage (expiring)
A: change form in water, swift swim, stealthy swim, horns 2
a: End Transformation


You were on level 3 of the Dungeon.
You were not hungry.
You had grown temporary horns.
You visited 1 branch of the dungeon, and saw 3 of its levels.

You collected 88 gold pieces.

Inventory:

Missiles
 a - 30 arrows
Armour
 b - a +0 robe
 q - a +1 robe of fire resistance (worn)
   (You took it off Jessica on level 2 of the Dungeon)
 s - a +0 cloak (worn)
   (You found it on level 2 of the Dungeon)
Jewellery
 m - a ring of positive energy (left hand) {rN+}
   (You found it on level 1 of the Dungeon)
Scrolls
 f - a scroll of enchant armour {unknown}
 g - a scroll of fear {unknown}
 h - 4 scrolls of identify {unknown}
 i - a scroll of recharging {unknown}
 j - a scroll of teleportation {unknown}
 k - 2 scrolls of remove curse {unknown}
 n - 2 scrolls of fog {unknown}
 o - a scroll of enchant weapon {unknown}
Potions
 e - 2 potions of curing {unknown}
 l - a potion of flight {unknown}
 r - a potion of ambrosia {unknown}
 t - a potion of haste {unknown}
Books
 c - a book of Changes
Comestibles
 d - 2 bread rations {@e1}
 p - 3 fruits
 u - 3 chunks of flesh {@w0}


   Skills:
 - Level 1.1 Fighting
 - Level 3.2 Dodging
 * Level 5.0 Unarmed Combat
 - Level 2.0 Spellcasting
 + Level 4.2 Transmutations


You had one spell level left.
You knew the following spells:

 Your Spells              Type           Power        Failure   Level  Hunger
a - Beastly Appendage     Tmut           ##....       4%          1    ##.....
c - Spider Form           Tmut/Pois      #.........   32%         3    ####...
s - Sticks to Snakes      Tmut           ##......     7%          2    ###....


Dungeon Overview and Level Annotations

Branches:
Dungeon (3/15)

Altars:

Annotations:
D:2 Sigmund


Innate Abilities, Weirdness & Mutations

You revert to your normal form in water.
You are very nimble and swift while swimming.
You are very stealthy in the water. (Stealth+)
You have a pair of horns on your head.


Message History

The bat hits you but does no damage. The bat closely misses you.
The bat hits you.
You take 1 damage, and have 31/32 hp.
You barely miss the bat. The bat closely misses you. The bat barely misses you.
The bat closely misses you.
You punch the bat!
You kill the bat!
No target in view!
No target in view!
A rat comes into view.
You see here a bat corpse.
You butcher the bat corpse.
You see here a chunk of flesh {@w0}.
u - 3 chunks of flesh {@w0} (gained 1)
You are feeling hungry.
The rat bites you.
You take 2 damage, and have 29/32 hp.
You hit the rat.
You kill the rat!
No target in view!
Autoeating chunks.
Eating one of 3 chunks of flesh {@w0}.
You eat one of the 3 chunks of flesh {@w0}.
You butcher the rat corpse.
u - 3 chunks of flesh {@w0} (gained 1) Sigmund the Dreaded comes into view.
He is wielding a scythe.
You create a snake!
You now have 32 arrows.
Sigmund casts a spell at you. The magic dart hits your ball python.
Your ball python dies!
Health restored: 32 You now have 5/7 mp.
Casting: Sticks to Snakes You create a snake!
You now have 31 arrows.
Sigmund gestures at you while chanting. The magic dart hits you!
You take 7 damage, and have 25/32 hp.
MASSIVE DAMAGE!!
You now have 3/7 mp.
Sigmund gestures at you while chanting. The puff of flame hits you! You resist.
You take 6 damage, and have 19/32 hp.
There is a stone staircase leading down here.
You climb downwards.
An adder and 4 orcs come into view.
The orc shouts! x3; The adder hisses angrily.
You hear an angry hiss.
Found a scroll labeled PYISHR QADDUA.
Found a stone staircase leading up.
There is a stone staircase leading up here.
Casting: Sticks to Snakes You create a snake!
You now have 30 arrows.
The orc throws a tomahawk.
The tomahawk hits you. The orc hits you but does no damage.
You take 4 damage, and have 17/32 hp.
You now have 3/7 mp.
Casting: Sticks to Snakes You grow a pair of large bovine horns.
The orc misses you. The orc hits you but does no damage.
A ball python comes into view.
You now have 2/7 mp.
You hit the orc.
Your adder bites the orc.
The orc barely misses you. The orc closely misses you. The orc hits you.
You take 2 damage, and have 15/32 hp.
You hit the orc. You headbutt the orc.
You kill the orc!
Your adder barely misses the orc.
The orc hits you with a dagger.
You take 4 damage, and have 11/32 hp.
You punch the adder!
Your adder bites the orc.
The orc closely misses you. The orc barely misses you. The adder misses you.
The orc closely misses your adder.
You hit the adder but do no damage.
Your adder bites the orc.
The orc dies!
The orc misses you. The orc hits you.
* * * LOW HITPOINT WARNING * * *
The adder barely misses you.
You take 4 damage, and have 7/32 hp.
You closely miss the adder. The orc closely misses you.
The orc completely misses you. The adder bites you.
* * * LOW HITPOINT WARNING * * *
You are poisoned.
The adder poisons you!
You take 1 damage, and have 6/32 hp.
You hit the adder. Your headbutt misses the adder.
You feel sick. The adder bites you.
* * * LOW HITPOINT WARNING * * *
You are more poisoned.
The adder poisons you!
Your adder closely misses the adder.
The orc misses you. The orc barely misses you. The ball python misses you.
The ball python closely misses you.
You take 3 damage, and have 3/32 hp.
You closely miss the adder.
Your transformation is almost over.
* * * LOW HITPOINT WARNING * * *
You feel sick. The adder bites you but does no damage.
Your adder barely misses the adder.
The orc hits you.
* * * LOW HITPOINT WARNING * * *
The orc barely misses you. The ball python closely misses you. x2
The adder bites you but does no damage.
You take 2 damage, and have 1/32 hp.
You closely miss the adder. You headbutt the adder.
You kill the adder!
Your Unarmed Combat skill increases to level 5!
You die...

#
..###########
#...........#
#.....oS....#
#<....@)...#
#....S)o...#
#...........#
..........?.#
.############


You could see 2 orcs, a ball python and a friendly adder.

Vanquished Creatures
  Jessica (D:2)
  2 gnolls (D:1)
  2 adders
  An ooze (D:2)
  A worm (D:2)
  A dart slug (D:2)
  2 leopard geckos
  An orc (D:3)
  A giant cockroach (D:2)
  3 goblins (D:1)
  A hobgoblin (D:1)
  A ball python (D:1)
  8 bats
  3 frilled lizards (D:1)
  4 kobolds
  9 rats
41 creatures vanquished.

Vanquished Creatures (collateral kills)
  An orc (D:3)
1 creature vanquished.

Grand Total: 42 creatures vanquished

Notes
Turn   | Place    | Note
-------+----------+-------------------------------------------
     0 | D:1      | Firecrotchwizard the Merfolk Transmuter began the quest for the Orb.
     0 | D:1      | Reached XP level 1. HP: 15/15 MP: 3/3
   461 | D:1      | Reached XP level 2. HP: 19/21 MP: 5/5
   563 | D:1      | Reached skill level 3 in Dodging
   578 | D:1      | Reached skill level 4 in Unarmed Combat
   578 | D:1      | Reached skill level 3 in Transmutations
   821 | D:1      | Reached XP level 3. HP: 24/26 MP: 4/6
   825 | D:1      | Learned a level 2 spell: Sticks to Snakes
   829 | D:1      | Learned a level 3 spell: Spider Form
  1382 | D:2      | Noticed Jessica
  1389 | D:2      | Killed Jessica
  1389 | D:2      | Reached XP level 4. HP: 16/32 MP: 3/7
  1842 | D:2      | Reached skill level 4 in Transmutations
  2227 | D:2      | Noticed Sigmund
  2257 | D:3      | HP: 7/32 [orc (4)]
  2259 | D:3      | HP: 3/32 [adder (3)]
  2260 | D:3      | HP: 1/32 [orc (1)]
  2261 | D:3      | Reached skill level 5 in Unarmed Combat
  2261 | D:3      | Succumbed to an adder's poison

Skill      XL: |  1  2  3  4 |
---------------+-------------+-----
Dodging        | 3 |  3.2
Unarmed Combat | 4 5 |  5.0
Transmutations | 3 4 |  4.2
Fighting       | |  1.1
Spellcasting   | |  2.0

Action                   |  1- 3 |  4- 6 || total
-------------------------+-------+-------++-------
Melee: Unarmed           |    97 |    52 ||   149
       Punch             |     4 |     1 ||     5
       Headbutt          |     6 |     6 ||    12
 Cast: Beastly Appendage |    10 |     4 ||    14
       Sticks to Snakes  |     1 |     3 ||     4
 Stab: Sleeping          |     2 |       ||     2
  Eat: Chunk             |     2 |     3 ||     5
Armor: Robe              |    25 |    19 ||    44
Dodge: Dodged            |    59 |    48 ||   107

Vault maps used:
D:1:      evilmike_arrival_home_sweet_home
D:2:      uniq_jessica, uniq_sigmund
D:3:      first_bread, minmay_hedge_maze, grunt_decor_fettered, fountainhead,
          uniq_crazy_yiuf_cottage

Table legend:
 A = Turns spent in this place as a percentage of turns spent in the entire game.
 B = Non-inter-level travel turns spent in this place as a percentage of non-inter-level travel turns spent in the entire game.
 C = Inter-level travel turns spent in this place as a percentage of turns spent in this place.
 D = Turns resting spent in this place as a percentage of non-inter-level travel turns spent in this place.
 E = Turns spent auto-exploring this place as a percentage of non-inter-level travel turns spent in this place.
 F = Non-inter-level travel turns spent in this place divided by the number of levels of this place that you've seen.
                   A       B       C       D       E      F
               +-------+-------+-------+-------+-------+----------------------
         Total | 100.0 | 100.0 |   0.2 |   6.6 |  11.9 | 176.0
       Dungeon | 100.0 | 100.0 |   0.2 |   6.6 |  11.9 | 176.0
               +-------+-------+-------+-------+-------+----------------------

Table legend:
 A = Kills in this place as a percentage of kills in entire the game.
 B = Kills by you in this place as a percentage of kills by you in the entire game.
 C = Kills by friends in this place as a percentage of kills by friends in the entire game.
 D = Other kills in this place as a percentage of other kills in the entire game.
 E = Experience gained in this place as a percentage of experience gained in the entire game.
 F = Experience gained in this place divided by the number of levels of this place that you have seen.
                   A       B       C       D       E      F
               +-------+-------+-------+-------+-------+----------------------
         Total | 100.0 | 100.0 | 100.0 |  -nan | 100.0 |  51.0
       Dungeon | 100.0 | 100.0 | 100.0 |  -nan | 100.0 |  51.0
               +-------+-------+-------+-------+-------+----------------------
